 Dungeon Crawl Stone Soup version 0.27.1-1-g398f81649c (webtiles) character file.

Game seed: 3028111917276601924

272 Kala the Grave Robber (level 6, -4/56 HPs)
             Began as a Deep Dwarf Fighter on Sept 6, 2021.
             Slain by Eustachio (8 damage)
             ... on level 4 of the Dungeon.
             The game lasted 00:08:47 (2402 turns).

Kala the Grave Robber (Deep Dwarf Fighter)          Turns: 2402, Time: 00:08:51

Health: -4/56      AC:  9    Str: 19    XL:     6   Next: 2%
Magic:  6/6        EV:  5    Int: 11    God:
Gold:   139        SH:  9    Dex: 12    Spells: 5/5 levels left

rFire    . . .     SeeInvis .   a - +0 war axe
rCold    . . .     Faith    .   c - +0 kite shield
rNeg     . . .     Spirit   .   t - +0 chain mail
rPois    .         Reflect  .   (no helmet)
rElec    .         Harm     .   (no cloak)
rCorr    .         Rampage  .   (no gloves)
Will     .....                  (no boots)
Stlth    ..........             (no amulet)
HPRegen  0.00/turn              s - ring of flight
MPRegen  0.10/turn              (no ring)

@: flying
A: damage resistance, heal wounds, sense surroundings 1, no regeneration
a: Heal Wounds


You were on level 4 of the Dungeon.
You visited 1 branch of the dungeon, and saw 4 of its levels.

You collected 139 gold pieces.

Inventory:

Hand Weapons
 a - a +0 war axe (weapon)
Armour
 b - a +0 scale mail
 c - a +0 kite shield (worn)
 g - a +0 ring mail
 l - a +0 leather armour
 t - a +0 chain mail (worn)
Jewellery
 s - a ring of flight (left hand)
Scrolls
 e - a scroll of teleportation {unknown}
 f - a scroll of amnesia
 h - a scroll of summoning {unknown}
 i - 2 scrolls of noise {unknown}
 m - a scroll of blinking {unknown}
 o - 2 scrolls of enchant weapon {unknown}
 r - a scroll of vulnerability {unknown}
 u - a scroll of identify
Potions
 d - a potion of might
 j - a potion of mutation {unknown}
 k - 3 potions of curing
 n - a potion of magic {unknown}
 p - a potion of haste {unknown}
 q - 2 potions of resistance {unknown}
 v - a potion of heal wounds {unknown}


   Skills:
 - Level 3.0 Fighting
 - Level 2.1(2.4) Axes
 - Level 1.4(2.0) Maces & Flails
 - Level 4.0 Armour
 - Level 4.0 Shields
 * Level 5.1 Necromancy


You had 5 spell levels left.
You didn't know any spells.
Your spell library contained the following spells:

 Spells                   Type           Power      Damage    Failure   Level
 Call Canine Familiar     Summ           0%         N/A       100%        3
 Portal Projectile        Hex/Tloc       0%         N/A       100%        3
 Stone Arrow              Conj/Erth      0%         3d7       100%        3
 Animate Armour           Summ/Erth      0%         N/A       100%        4
 Fulminant Prism          Conj/Hex       0%         3d6       100%        4
 Iskenderun's Mystic Bla  Conj/Tloc      0%         2d3       100%        4
 Leda's Liquefaction      Hex/Erth       0%         N/A       100%        4
 Blade Hands              Tmut           0%         N/A       100%        5
 Lee's Rapid Deconstruct  Erth           0%         3d5*      100%        5
 Iron Shot                Conj/Erth      0%         9d1       100%        6
 Lehudib's Crystal Spear  Conj/Erth      0%         10d2      100%        8


Dungeon Overview and Level Annotations

Branches:
Dungeon (4/15)
 Temple: D:4-7

Altars:
Ru

Shops:
D:4 ?

Annotations:
D:4 Duvessa, Eustachio


Innate Abilities, Weirdness & Mutations

You are resistant to damage.
You can heal yourself by infusing magical energy.
You passively map a small area around you.
You do not regenerate.


Message History

Eustachio casts a spell.
Natasha claws you but does no damage.
You barely miss Natasha.
Natasha is lightly wounded.
The rat disappears in a puff of smoke!
Natasha barely misses you.
Eustachio casts a spell.
Unknown command.
You slash Natasha!
Natasha is almost dead.
Natasha claws you but does no damage. x2
Unknown command.
You hit Natasha but do no damage.
Natasha is almost dead.
Eustachio casts a spell.
Eustachio blinks!
You block Natasha's attack.
Eustachio mumbles some strange words.
Eustachio blinks!
Natasha claws you but does no damage.
Unknown command.
You slash Natasha!
You kill Natasha!
Natasha growls in agony!
The quokka bites you.
Your Necromancy skill increases to level 5!
You have reached level 6!
Your experience leads to an increase in your attributes!
Increase (S)trength, (I)ntelligence, or (D)exterity?
You feel clever. The quokka bites you.
* * * LOW HITPOINT WARNING * * *
Eustachio casts a spell.
Eustachio blinks!
Eustachio calls on the powers of shadow!
The quokka bites you but does no damage. x2
You hit Eustachio.
Eustachio is severely wounded.
You barely miss the quokka.
Eustachio utters an oath, "I will die for my friends!"
You block Eustachio's attack. You block the quokka's attack.
Eustachio hits you with a +2 rapier of venom!
You die...

## ##.# ############...
###############.............#
#....†..brrr@@..............#
#.######################.#..#
* #.#..# ,* , ,
.#############.#..#
................... , , ,
##...........#..# ,* , *
#....#..#.#.#..# *
#....#..#.#.#..#
#....#..........


You could see Eustachio, 2 quokkas, a bat (summoned) and a rat (summoned).

Vanquished Creatures
  A scorpion (D:4)
  Dowan (D:4)
  Natasha (D:4)
  Robin (D:4)
  5 adders
  A worm (D:2)
  2 dart slugs (D:2)
  An orc (D:3)
  7 ball pythons
  4 bats
  3 endoplasms
  3 giant cockroaches
  15 goblins
  10 hobgoblins
  2 jackals (D:3)
  3 kobolds (D:2)
  4 quokkas
  3 frilled lizards
  6 rats
73 creatures vanquished.

Notes
Turn   | Place    | Note
-------+----------+-------------------------------------------
     0 | D:1      | Kala the Deep Dwarf Fighter began the quest for the Orb.
     0 | D:1      | Reached XP level 1. HP: 20/20 MP: 1/1
   136 | D:1      | Reached skill level 1 in Necromancy
   136 | D:1      | Reached XP level 2. HP: 24/27 MP: 2/2
  1019 | D:2      | Reached XP level 3. HP: 19/34 MP: 3/3
  1141 | D:2      | Reached skill level 1 in Maces & Flails
  1160 | D:2      | Reached skill level 2 in Necromancy
  1534 | D:3      | Reached XP level 4. HP: 21/42 MP: 4/4
  1587 | D:3      | Noticed a floating eye
  1591 | D:3      | Noticed a great orb of eyes
  1594 | D:3      | Found a faded altar of an unknown god.
  1596 | D:3      | Noticed a great orb of eyes
  1596 | D:3      | Noticed a floating eye
  2156 | D:4      | Noticed Robin
  2173 | D:4      | Reached skill level 3 in Necromancy
  2177 | D:4      | Killed Robin
  2178 | D:4      | Reached XP level 5. HP: 23/49 MP: 5/5
  2204 | D:4      | Found a sacrificial altar of Ru.
  2204 | D:4      | Noticed Dowan
  2211 | D:4      | Noticed Duvessa
  2254 | D:4      | Killed Dowan
  2255 | D:4      | Reached skill level 4 in Necromancy
  2263 | D:4      | Found Boujyrin's Magic Scroll Shop.
  2367 | D:4      | Noticed Eustachio
  2383 | D:4      | Noticed Natasha
  2394 | D:4      | Killed Natasha
  2395 | D:4      | Reached skill level 5 in Necromancy
  2395 | D:4      | Reached XP level 6. HP: 6/56 MP: 6/6
  2402 | D:4      | Slain by Eustachio

Illustrated notes

Levels and vault maps discovered:
D:1:      dpeg_arrival_simpleton_b, layout_basic
D:2:      layout_loops_ring
D:3:      layout_loops_ring, hellmonk_ecumenical_altar_watching_god
D:4:      layout_basic, lemuel_tele_altar, serial_shops,
          nicolae_shop_window_shopping, uniq_natasha, uniq_robin, uniq_duvessa,
          uniq_eustachio

Skill      XL: |  1  2  3  4  5 |
---------------+----------------+-----
Necromancy     | 1 2 3 5 |  5.1
Fighting       | 3 |  3.0
Maces & Flails | 1 |  1.4
Armour         | 4 |  4.0
Shields        | 4 |  4.0
Axes           | |  2.1

Action                   |  1- 3 |  4- 6 || total
-------------------------+-------+-------++-------
Melee: War axe           |   100 |   132 ||   232
  Use: Scroll            |     3 |       ||     3
       Potion            |       |     2 ||     2
Armor: Scale mail        |    43 |    28 ||    71
       Chain mail        |       |    62 ||    62
Dodge: Dodged            |    29 |    53 ||    82
Block: Kite shield       |    53 |    90 ||   143
